[Event "Titled Tuesday Blitz May 31 Early 2022"]
[White "Melikhov, Evgeny V."]
[Black "Florescu, Codrut-Constantin"]
[WhiteFideId "4122046"]
[BlackFideId "1202200"]
[WhiteElo "1931"]
[BlackElo "2191"]
[Result "1/2-1/2"]
[Round "02"]
[TimeControl "180+1"]
[Date "2022.06.01"]
[WhiteClock "0:00:10"]
[BlackClock "0:00:17"]

1. d4 Nf6 2. c4 e6 3. Nc3 Bb4 4. Qc2 O-O 5. e4 d5 6. e5 Ne4 7. Bd3 c5 8. Nf3 Nc6 9. O-O Nxd4 10. Nxd4 cxd4 11. Nxe4 dxe4 12. Bxe4 g6 13. Bh6 Re8 14. c5 Qh4 15. a3 Ba5 16. Bc1 Bc7 17. f4 Rb8 18. b4 a6 19. Bb2 Rd8 20. Rad1 Bd7 21. Rxd4 Bb5 22. Bd3 Rxd4 23. Bxd4 Rd8 24. Bxb5 Rxd4 25. g3 Qd8 26. Be2 Rd2 27. Qe4 b6 28. Bxa6 bxc5 29. bxc5 Rb2 30. Rf2 Rxf2 31. Kxf2 Qd2+ 32. Kf3 Qc3+ 33. Qe3 Qa5 34. Bb7 h5 35. Be4 Kg7 36. h3 Bd8 37. h4 Be7 38. Kg2 Bxc5 39. Qd3 Bxa3 40. Kh3 Bc5 41. Qe2 Qa3 42. Bg2 Qc3 43. Qf3 Qd2 44. Qe4 Bf2 45. Qf3 Qb2 46. Qe4 Qc1 47. Qf3 Qg1 48. Qe4 Be3 49. Qf3 Qc1 50. Qe4 Qc3 51. Qf3 Qd2 52. Qe4 Qc3 53. Qf3 Qd2 54. Qe4 Bd4 55. Qf3 Bb2 56. Qe4 Qc3 57. Qf3 Qb4 58. Qe4 Qa3 59. Qf3 Qa1 60. Qe4 Qc1 61. Qf3 Bd4 62. Qe4 Qg1 63. Qf3 Qe3 64. Qxe3 Bxe3 65. Bf3 Bc5 66. Kg2 f6 67. exf6+ Kxf6 68. g4 hxg4 69. Bxg4 e5 70. fxe5+ Kxe5 71. h5 gxh5 72. Bxh5 1/2-1/2


[Site "https://www.chess.com"]

[Event "Titled Tuesday Blitz May 31 Early 2022"]
[White "Melikyan, Gnel"]
[Black "Tahbaz, Arash"]
[WhiteFideId "54109990"]
[BlackFideId "12528846"]
[WhiteElo "1772"]
[BlackElo "2381"]
[Result "0-1"]
[Round "02"]
[TimeControl "180+1"]
[Date "2022.05.31"]
[WhiteClock "0:00:03"]
[BlackClock "0:01:23"]

1. e4 c5 2. Nf3 g6 3. d4 cxd4 4. Nxd4 Nc6 5. Nc3 Bg7 6. Be3 Nf6 7. f3 O-O 8. g4 d5 9. g5 Nh5 10. Nxd5 e6 11. Nxc6 bxc6 12. Nf6+ Nxf6 13. Qxd8 Rxd8 14. gxf6 Bxf6 15. c3 Rb8 16. Bc1 Bh4+ 17. Ke2 Ba6+ 18. Ke3 Rd1 19. Bg2 Bg5+ 20. Kf2 Rxh1 21. Bxh1 Bxc1 22. Rxc1 Rxb2+ 23. Kg3 Rxa2 24. e5 Bc4 25. f4 Bd5 26. Bxd5 cxd5 27. c4 dxc4 28. Rxc4 a5 29. Rc8+ Kg7 30. Ra8 a4 31. h3 a3 32. Ra7 Ra1 33. Kg2 h6 34. h4 a2 35. Ra3 Kf8 36. Ra7 Ke8 37. Ra3 Kd7 38. Ra7+ Kc6 39. Ra5 Kb6 40. Ra3 Kc5 41. Ra7 Kd4 42. Ra4+ Ke3 43. Kh2 Kf3 0-1


[Site "https://www.chess.com"]

[Event "Titled Tuesday Blitz May 31 Early 2022"]
[White "Meshkovs, Nikita"]
[Black "Taichman, Ori"]
[WhiteFideId "11602740"]
[BlackFideId "2804069"]
[WhiteElo "2506"]
[BlackElo "2227"]
[Result "1-0"]
[Round "02"]
[TimeControl "180+1"]
[Date "2022.06.01"]
[WhiteClock "0:01:10"]
[BlackClock "0:00:48"]

1. Nf3 Nf6 2. c4 g6 3. Nc3 Bg7 4. e4 O-O 5. d4 d6 6. h3 e5 7. d5 a5 8. g4 Na6 9. Be3 Nc5 10. Nd2 c6 11. Be2 Bd7 12. h4 cxd5 13. cxd5 a4 14. g5 Ne8 15. h5 Qa5 16. Nc4 Qa7 17. h6 Bh8 18. Na3 Nc7 19. O-O f6 20. b4 axb3 21. axb3 Qb8 22. Nc4 Rxa1 23. Qxa1 Nxb3 24. Qa3 Nd4 25. Bxd4 exd4 26. Qxd6 dxc3 27. Qxd7 b5 28. d6 Na6 29. Qe6+ Rf7 30. d7 Nc5 31. Qd5 Nxd7 32. Nd6 Ne5 33. Nxf7 Nxf7 34. Bxb5 fxg5 35. Bc4 Qe8 36. Ra1 c2 37. Qxf7+ 1-0


[Site "https://www.chess.com"]

[Event "Titled Tuesday Blitz May 31 Early 2022"]
[White "Molina, Roberto Junio Brito"]
[Black "Al-Tarboush, Ward"]
[WhiteFideId "2109450"]
[BlackFideId "7601450"]
[WhiteElo "2432"]
[BlackElo "2294"]
[Result "1-0"]
[Round "02"]
[TimeControl "180+1"]
[Date "2022.05.31"]
[WhiteClock "0:00:20"]
[BlackClock "0:01:27"]

1. d4 d5 2. c4 c6 3. Nf3 Nf6 4. Nc3 dxc4 5. a4 Bf5 6. Ne5 Nbd7 7. Nxc4 Nb6 8. Ne5 a5 9. f3 Nfd7 10. Nxd7 Nxd7 11. e4 Bg6 12. Be3 Qb6 13. Qd2 e5 14. dxe5 Bc5 15. Bxc5 Nxc5 16. Bc4 Rd8 17. Qe2 O-O 18. Rd1 Rxd1+ 19. Kxd1 Qb4 20. Kc2 Nxa4 21. Nxa4 Qxa4+ 22. Bb3 Qb4 23. Qc4 Qxc4+ 24. Bxc4 b5 25. Bd3 a4 26. f4 Re8 27. g4 h6 28. Kd2 Bh7 29. Ke3 g5 30. f5 Rxe5 31. Rc1 h5 32. h3 hxg4 33. hxg4 Kg7 34. Rxc6 Bg8 35. f6+ Kg6 36. Kd4 Re8 37. e5+ Kh6 38. Rc1 Rd8+ 39. Ke3 Rxd3+ 40. Kxd3 Bh7+ 41. Kc3 Be4 42. Kb4 Bf3 43. Rg1 Be2 44. Rg2 Bc4 45. Rc2 Be6 46. Rg2 Bc4 47. Kc5 Kg6 48. Rg3 Be2 49. Kd6 b4 50. Ke7 Bc4 51. Re3 Be6 52. Re4 a3 53. Rxb4 axb2 54. Rxb2 Bxg4 55. Rb8 Be6 56. Rb6 Bc4 57. e6 g4 58. exf7 Bxf7 59. Rb4 Bd5 60. Rxg4+ Kf5 61. Rg1 1-0


[Site "https://www.chess.com"]

[Event "Titled Tuesday Blitz May 31 Early 2022"]
[White "Niemann, Hans Moke"]
[Black "Domingo Nunez, Ruben"]
[WhiteFideId "2093596"]
[BlackFideId "22245570"]
[WhiteElo "2632"]
[BlackElo "2376"]
[Result "1-0"]
[Round "02"]
[TimeControl "180+1"]
[Date "2022.05.31"]
[WhiteClock "0:01:13"]
[BlackClock "0:00:08"]

1. d4 g6 2. Nd2 c6 3. e4 Bg7 4. Ngf3 d5 5. e5 f6 6. Bd3 Nd7 7. Qe2 fxe5 8. Nxe5 Nxe5 9. dxe5 Nh6 10. h3 Qc7 11. Nf3 Nf7 12. Bf4 O-O 13. O-O Nd8 14. Bg3 Ne6 15. c4 d4 16. h4 Bd7 17. h5 Be8 18. Nh4 Nf4 19. Bxf4 Rxf4 20. g3 Rxh4 21. gxh4 Bxe5 22. Rae1 Bf6 23. Qg4 Kh8 24. hxg6 Bxg6 25. Bxg6 Rg8 26. h5 hxg6 27. hxg6 Kg7 28. Kg2 Qc8 29. Qe4 Qe8 30. Kf3 Rh8 31. Rh1 Rxh1 32. Rxh1 Qxg6 33. Qxg6+ Kxg6 34. Ke4 Kg5 35. Rg1+ Kh6 36. Rg8 Kh7 37. Rb8 b6 38. Rb7 Kg6 39. Rxa7 b5 40. cxb5 cxb5 41. Rb7 d3 42. Kxd3 Bxb2 43. Rxb5 Ba3 44. Rb3 Bc5 45. f3 e5 46. a4 Kf5 47. a5 Kf4 48. Kc4 Be3 49. a6 Kxf3 50. a7 1-0


[Site "https://www.chess.com"]

[Event "Titled Tuesday Blitz May 31 Early 2022"]
[White "Paravyan, David"]
[Black "Chernobay, Artem"]
[WhiteFideId "4194985"]
[BlackFideId "4167406"]
[WhiteElo "2569"]
[BlackElo "2473"]
[Result "1-0"]
[Round "02"]
[TimeControl "180+1"]
[Date "2022.05.31"]
[WhiteClock "0:00:07"]
[BlackClock "0:00:11"]

1. e4 e5 2. Nf3 Nc6 3. Nc3 Nf6 4. d4 exd4 5. Nxd4 Bb4 6. Nxc6 bxc6 7. Bd3 d5 8. exd5 cxd5 9. O-O O-O 10. Bg5 c6 11. Qf3 h6 12. Bxf6 Qxf6 13. Qxf6 gxf6 14. Ne2 Rd8 15. Nd4 Bb7 16. c3 Bf8 17. b4 a5 18. a3 axb4 19. axb4 c5 20. bxc5 Bxc5 21. Rfb1 Rxa1 22. Rxa1 Ra8 23. Rxa8+ Bxa8 24. Ba6 Kf8 25. Kf1 Ke7 26. Nf5+ Ke6 27. Nxh6 d4 28. cxd4 Bxd4 29. Bc4+ Ke5 30. Nxf7+ Kf5 31. Bd3+ Ke6 32. Nh6 Bc6 33. Nf5 Bc5 34. h4 Kf7 35. h5 Kg8 36. f3 Kh8 37. Ke2 Bd5 38. g4 Bb6 39. Ne7 Be6 40. Ng6+ Kg7 41. Nf4 Bb3 42. Ng2 Kh6 43. Nh4 Be6 44. Ng6 Bd7 45. Kf1 f5 46. Ne5 Bc8 47. Bxf5 Bxf5 48. gxf5 Kxh5 49. f6 Bc5 50. Nd7 1-0


[Site "https://www.chess.com"]

[Event "Titled Tuesday Blitz May 31 Early 2022"]
[White "Petrovskyi, Vadym"]
[Black "Vlachos, Anatole"]
[WhiteFideId "14165210"]
[BlackFideId "26093189"]
[WhiteElo "2400"]
[BlackElo "2361"]
[Result "0-1"]
[Round "02"]
[TimeControl "180+1"]
[Date "2022.06.01"]
[WhiteClock "0:00:08"]
[BlackClock "0:00:18"]

1. e4 g6 2. d4 Bg7 3. Nc3 d6 4. Nf3 a6 5. Bd3 b5 6. O-O Bb7 7. Re1 Nd7 8. h3 e6 9. a4 b4 10. Ne2 Ne7 11. c3 bxc3 12. bxc3 O-O 13. Be3 d5 14. e5 Nf5 15. Bd2 c5 16. Bxf5 gxf5 17. Qc1 cxd4 18. Nexd4 Re8 19. Bh6 Nf8 20. Bxg7 Kxg7 21. Rb1 Rb8 22. Qa3 Qc7 23. Rb3 Ng6 24. Reb1 Ba8 25. Rxb8 Rxb8 26. Rxb8 Qxb8 27. Qd6 Qxd6 28. exd6 Kf8 29. Ng5 h6 30. Nh7+ Ke8 31. Nf6+ Kd8 32. Nb3 Bc6 33. Nc5 Ne5 34. a5 Nc4 35. Nd3 Nxd6 36. Nc5 Bb5 37. Ng8 Nc4 38. Nxh6 Nxa5 39. Nxf7+ Ke7 40. Ng5 e5 41. f4 e4 42. Kf2 Nc6 43. Ke3 a5 44. g4 fxg4 45. hxg4 a4 46. Kd2 a3 47. Nb3 Bc4 48. Na1 Na5 49. Nh3 Nb3+ 50. Nxb3 Bxb3 51. Kc1 e3 52. Ng1 Bc4 53. g5 e2 54. Nf3 Ke6 55. Nd4+ Kf7 56. Kd2 a2 57. Nc2 Kg6 58. Ke1 Kf5 59. Nd4+ Kxf4 60. Nc2 Kxg5 61. Kf2 Kf4 62. Ke1 Kf3 63. Nd4+ Ke4 64. Nc2 Kd3 65. Ne3 a1=Q+ 0-1


[Site "https://www.chess.com"]

[Event "Titled Tuesday Blitz May 31 Early 2022"]
[White "Pichot, Alan"]
[Black "Ezat, Mohamed"]
[WhiteFideId "110973"]
[BlackFideId "10600906"]
[WhiteElo "2579"]
[BlackElo "2386"]
[Result "1-0"]
[Round "02"]
[TimeControl "180+1"]
[Date "2022.05.31"]
[WhiteClock "0:01:49"]
[BlackClock "0:00:01"]

1. e4 c6 2. d4 d5 3. e5 Bf5 4. h4 h5 5. Bd3 Bxd3 6. Qxd3 e6 7. Bg5 Qb6 8. Nd2 Nh6 9. Ngf3 Nf5 10. O-O Be7 11. Bxe7 Nxe7 12. c4 Nf5 13. c5 Qd8 14. g3 Nd7 15. b4 Nf8 16. Rfe1 Nh7 17. Nf1 g5 18. Ne3 Nxe3 19. Rxe3 gxh4 20. Nxh4 a6 21. f4 Qe7 22. Rf1 O-O-O 23. a4 Rdg8 24. Kf2 Nf8 25. b5 Ng6 26. Nxg6 Rxg6 27. bxc6 h4 28. cxb7+ Qxb7 29. Rb1 hxg3+ 30. Rxg3 Rxg3 31. Kxg3 Qc6 32. Rb6 Qxa4 33. Rxa6 Rg8+ 34. Kf3 Qb4 35. Ra8+ Kb7 36. Qa6+ Kc7 37. Qb6+ 1-0


[Site "https://www.chess.com"]

[Event "Titled Tuesday Blitz May 31 Early 2022"]
[White "Pourkashiyan, Atousa"]
[Black "Jakubowski, Krzysztof"]
[WhiteFideId "12502014"]
[BlackFideId "1112848"]
[WhiteElo "2247"]
[BlackElo "2365"]
[Result "0-1"]
[Round "02"]
[TimeControl "180+1"]
[Date "2022.06.01"]
[WhiteClock "0:00:15"]
[BlackClock "0:00:10"]

1. e4 c5 2. Nf3 e6 3. d4 cxd4 4. Nxd4 Nc6 5. Nc3 Qc7 6. Be2 a6 7. O-O Nf6 8. Be3 Be7 9. f4 d6 10. Qe1 O-O 11. Qg3 Nxd4 12. Bxd4 b5 13. a3 Bb7 14. Rae1 Bc6 15. Bd3 Rad8 16. Kh1 Qb7 17. Qh3 g6 18. f5 gxf5 19. exf5 e5 20. Bf2 Kh8 21. Bh4 Rg8 22. Re2 Rg7 23. Rff2 Rdg8 24. Bxf6 Bxf6 25. Ne4 Bxe4 26. Bxe4 d5 27. Bf3 e4 28. Bh5 Bxb2 29. f6 Rg5 30. Rf5 Qc6 31. Bxf7 Rxf5 32. Qxf5 Rd8 33. Be6 Qc3 34. f7 Qf6 35. Qxf6+ Bxf6 36. Kg1 Kg7 37. Rd2 d4 38. Kf1 Rd6 39. Bf5 e3 40. Rd1 Kxf7 41. Bxh7 Ke6 42. Bd3 Ke5 43. Ke2 Rc6 44. Rf1 Rc3 45. Rf5+ Ke6 46. Rf3 Rxa3 47. g4 Ra1 48. Rf5 Rg1 49. h3 Rg2+ 50. Kf1 Rg3 51. Rc5 Be5 52. Rc6+ Ke7 53. Rxa6 Rxh3 54. Bxb5 Rh1+ 55. Ke2 Rh2+ 56. Kf1 Rxc2 57. Bd3 Rd2 58. Bf5 Rf2+ 59. Ke1 Bg3 60. Kd1 e2+ 61. Kd2 Rh2 62. Kd3 e1=Q 63. Re6+ Qxe6 64. Bxe6 Kxe6 65. Kxd4 Kf7 66. g5 Kg6 67. Ke4 Kxg5 68. Kf3 Rf2+ 69. Ke3 Rf5 70. Ke4 Rf4+ 71. Kd3 Kg4 72. Ke2 Re4+ 73. Kf1 Re5 74. Kg2 Kf4 75. Kf1 Bh4 76. Kg1 Kg3 77. Kf1 Re4 78. Kg1 Re1# 0-1


[Site "https://www.chess.com"]

[Event "Titled Tuesday Blitz May 31 Early 2022"]
[White "Rustemov, Alexander"]
[Black "Plazuelo Pascual, Juan"]
[WhiteFideId "4119002"]
[BlackFideId "32059566"]
[WhiteElo "2839"]
[BlackElo "2359"]
[Result "1/2-1/2"]
[Round "02"]
[TimeControl "180+1"]
[Date "2022.05.31"]
[WhiteClock "0:00:21"]
[BlackClock "0:00:17"]

1. d4 Nf6 2. c4 e6 3. Nf3 d5 4. Nc3 Be7 5. Bg5 h6 6. Bh4 dxc4 7. e3 c5 8. Bxc4 cxd4 9. Nxd4 Bd7 10. O-O O-O 11. Qe2 Nc6 12. Rfd1 Qb6 13. Rac1 Rac8 14. Nxc6 Bxc6 15. f3 Rfd8 16. Bf2 Rxd1+ 17. Rxd1 Rd8 18. e4 Rxd1+ 19. Nxd1 Bc5 20. g3 Nd7 21. Bb3 Ne5 22. f4 Bb5 23. Bxc5 Qxc5+ 24. Qe3 Qxe3+ 25. Nxe3 Nd3 26. Bc4 Bxc4 27. Nxc4 b5 28. Nd6 b4 29. Nc8 a5 30. Ne7+ Kf8 31. Nc6 a4 32. Kf1 b3 33. axb3 axb3 34. Nd4 Nxb2 35. Nxb3 Nc4 36. Ke2 Ke7 37. Kd3 Nd6 38. Nd4 g5 39. Nf3 gxf4 40. gxf4 Nb5 41. Ne5 h5 42. Nf3 Kf6 43. Ke3 Kg7 44. Ng5 Nc3 45. Kf3 Kg6 46. Nh3 f6 47. Nf2 e5 48. h4 exf4 49. Kxf4 Ne2+ 50. Kf3 Nd4+ 51. Ke3 Nc2+ 52. Kd3 Ne1+ 53. Ke2 Ng2 54. Kf3 Nxh4+ 55. Kg3 Nf5+ 56. exf5+ Kxf5 1/2-1/2


[Site "https://www.chess.com"]

[Event "Titled Tuesday Blitz May 31 Early 2022"]
[White "Sadhwani, Raunak"]
[Black "Kosteniuk, Alexandra"]
[WhiteFideId "35093487"]
[BlackFideId "4128125"]
[WhiteElo "2616"]
[BlackElo "2469"]
[Result "1-0"]
[Round "02"]
[TimeControl "180+1"]
[Date "2022.05.31"]
[WhiteClock "0:01:57"]
[BlackClock "0:01:30"]

1. e4 e5 2. Nf3 Nc6 3. Bb5 a6 4. Ba4 Nf6 5. O-O Be7 6. Re1 b5 7. Bb3 O-O 8. a4 b4 9. a5 d6 10. d3 Bg4 11. Be3 Nd4 12. Bxd4 exd4 13. h3 Bxf3 14. Qxf3 Nd7 15. Nd2 Nc5 16. Bd5 Rb8 17. Nb3 Nxb3 18. Bxb3 Bf6 19. Bc4 Qc8 20. Qg3 c6 21. Qxd6 Rd8 22. Qf4 h6 23. e5 Qc7 24. Qf5 Bg5 25. f4 Bh4 26. Re4 c5 27. Qh5 Qe7 28. Rf1 Rf8 29. Kh2 Kh7 30. g3 1-0


[Site "https://www.chess.com"]

[Event "Titled Tuesday Blitz May 31 Early 2022"]
[White "Salinas Herrera, Pablo"]
[Black "Derraugh, Geordie"]
[WhiteFideId "3407128"]
[BlackFideId "2603950"]
[WhiteElo "2541"]
[BlackElo "2116"]
[Result "1-0"]
[Round "02"]
[TimeControl "180+1"]
[Date "2022.06.01"]
[WhiteClock "0:00:11"]
[BlackClock "0:00:01"]

1. d4 Nf6 2. Nf3 g6 3. Nbd2 d5 4. e3 Bg7 5. b4 O-O 6. c4 c6 7. a4 Bf5 8. Be2 Na6 9. Ba3 dxc4 10. Nxc4 Nc7 11. O-O Re8 12. Qb3 h6 13. Rfc1 Be6 14. Qb2 Ne4 15. Na5 Rb8 16. Ne5 Nd5 17. Bf3 Ng5 18. Be2 Ne4 19. Bf1 Nd6 20. Rab1 Bf5 21. Ra1 Be6 22. Qe2 Ne4 23. Qe1 Kh7 24. f3 Nd6 25. e4 Nc7 26. Kh1 f6 27. Nd3 Nf7 28. Qf2 f5 29. Bb2 fxe4 30. fxe4 Ng5 31. Qe3 Rf8 32. Be2 Bd7 33. Ne5 Be8 34. Rf1 Rxf1+ 35. Rxf1 Qd6 36. Bc3 b5 37. axb5 Nxb5 38. Bxb5 Rxb5 39. Nac4 Qe6 40. h3 Nf7 41. Ra1 Nxe5 42. Nxe5 Bxe5 43. dxe5 Qd7 44. e6 Qxe6 45. Rxa7 Rg5 46. Qd4 1-0


[Site "https://www.chess.com"]

[Event "Titled Tuesday Blitz May 31 Early 2022"]
[White "Samarth, J Rao"]
[Black "Maiorov, Nikita"]
[WhiteFideId "46652370"]
[BlackFideId "13501720"]
[WhiteElo "1514"]
[BlackElo "2417"]
[Result "0-1"]
[Round "02"]
[TimeControl "180+1"]
[Date "2022.06.01"]
[WhiteClock "0:00:04"]
[BlackClock "0:00:05"]

1. e4 c6 2. c4 d5 3. cxd5 cxd5 4. exd5 Nf6 5. Qa4+ Nbd7 6. Nc3 g6 7. Bc4 Bg7 8. Nf3 O-O 9. d3 a6 10. Qa3 Nb6 11. Qb3 Nbd7 12. Qa3 b6 13. O-O Bb7 14. Re1 b5 15. Bb3 Re8 16. Bf4 Nb6 17. d6 e6 18. Ne4 a5 19. Qc5 a4 20. Bd1 Nfd7 21. Qxb5 Ba6 22. Qb4 Nd5 23. Qd2 Nxf4 24. Qxf4 a3 25. Ba4 axb2 26. Rad1 Bb7 27. Bxd7 Qxd7 28. Ne5 Bxe5 29. Qxe5 Bxe4 30. dxe4 Rxa2 31. Rb1 Rb8 32. Qc5 Rb5 33. Qc7 Rb7 34. Qxd7 Rxd7 35. e5 f6 36. Re2 Rb7 37. exf6 Kf7 38. d7 Rxd7 39. g3 Rb7 40. Rd2 Ra1 41. Rdd1 Rxb1 42. Rxb1 Kxf6 43. Kf1 Ke5 44. Ke2 Kd4 45. Kd2 Ke4 46. Ke2 g5 47. f3+ Kd4 48. Kd2 e5 49. h3 h6 50. h4 gxh4 51. gxh4 h5 52. Ke2 Kc3 53. Kd1 Kd3 54. f4 exf4 55. Ke1 Ke3 56. Kd1 f3 57. Kc2 f2 58. Rd1 Ke2 59. Rb1 f1=Q 60. Kc3 Qxb1 61. Kc4 Qc2+ 62. Kd5 Rd7+ 63. Ke5 Qc3+ 64. Kf4 Qb4+ 65. Kg5 Rg7+ 66. Kxh5 Qg4+ 67. Kh6 Qg6# 0-1


[Site "https://www.chess.com"]

[Event "Titled Tuesday Blitz May 31 Early 2022"]
[White "Sankalan Shah"]
[Black "Devaev, Alexander"]
[WhiteFideId "25600362"]
[BlackFideId "4169395"]
[WhiteElo "1648"]
[BlackElo "2185"]
[Result "0-1"]
[Round "02"]
[TimeControl "180+1"]
[Date "2022.06.01"]
[WhiteClock "0:00:14"]
[BlackClock "0:00:22"]

1. d4 Nf6 2. c4 e6 3. Nc3 Bb4 4. e3 c5 5. Bd2 cxd4 6. exd4 d5 7. a3 Bxc3 8. Bxc3 Nc6 9. Nf3 O-O 10. c5 Ne4 11. Bd3 Nxc3 12. bxc3 b6 13. Bb5 Bd7 14. cxb6 Qxb6 15. a4 Rfc8 16. O-O Nb8 17. Rb1 Bxb5 18. Rxb5 Qa6 19. Qb3 Nc6 20. Rb1 h6 21. h3 Na5 22. Qb4 Nc4 23. Rb7 Nd6 24. Rd7 Rd8 25. Ne5 Rxd7 26. Nxd7 Ne4 27. Qe7 Qd6 28. Qxd6 Nxd6 29. Nc5 Rc8 30. a5 Kf8 31. a6 Ke7 32. Kf1 Rc7 33. Ke2 f6 34. Kd3 e5 35. f3 g5 36. Re1 Nc4 37. Rb1 Na5 38. Rb5 Nc6 39. Rb7 Kd6 40. g4 Nd8 41. Rb8 Ne6 42. Rf8 Nxc5+ 43. dxc5+ Kxc5 44. Rxf6 Rc6 45. Rf7 Rxa6 46. Rh7 Kb5 47. Rb7+ Ka4 48. Rd7 Ra5 49. c4 dxc4+ 50. Kxc4 Ka3 51. Rd6 Ra4+ 52. Kd5 Rf4 53. Kxe5 Rxf3 54. Rxh6 Kb2 55. Ra6 Ra3 56. Rg6 Rb3 57. Ra6 Ra3 58. Rg6 Kc3 59. Kf5 Ra5+ 60. Kf6 Ra6+ 61. Kg7 Rxg6+ 62. Kxg6 a5 63. Kxg5 a4 64. h4 a3 65. h5 a2 66. Kg6 a1=Q 67. h6 Qa6+ 68. Kg7 Qb7+ 69. Kg6 Qc6+ 70. Kh5 Qh1+ 71. Kg6 Qe4+ 72. Kg7 Qxg4+ 73. Kh8 Qc8+ 74. Kg7 Qd7+ 75. Kh8 Qe8+ 76. Kg7 Qe7+ 77. Kh8 Qf6+ 78. Kh7 Qf7+ 79. Kh8 Qf8+ 80. Kh7 Kd4 81. Kg6 Qh8 82. h7 Ke5 83. Kh6 Kf5 84. Kh5 Qxh7# 0-1


[Site "https://www.chess.com"]

[Event "Titled Tuesday Blitz May 31 Early 2022"]
[White "Sarkar, Justin"]
[Black "Lamaze, Simon"]
[WhiteFideId "2010011"]
[BlackFideId "36069264"]
[WhiteElo "2020"]
[BlackElo "1999"]
[Result "1/2-1/2"]
[Round "02"]
[TimeControl "180+1"]
[Date "2022.06.01"]
[WhiteClock "0:00:02"]
[BlackClock "0:00:31"]

1. d4 Nf6 2. c4 e6 3. Nf3 b6 4. g3 Ba6 5. Qa4 c5 6. Bg2 Bb7 7. dxc5 bxc5 8. O-O Be7 9. Nc3 O-O 10. Rd1 Qb6 11. Qb3 Nc6 12. Bf4 Rfc8 13. Qxb6 axb6 14. Nb5 Ne8 15. Nd6 Nxd6 16. Bxd6 Kf8 17. a3 Ke8 18. e3 Na5 19. Rac1 Bc6 20. Ne5 Ra7 21. b4 Nb3 22. Rc3 Ba4 23. Bxe7 Kxe7 24. Rb1 f6 25. Nf3 cxb4 26. axb4 Rac7 27. Bf1 d5 28. Rbxb3 Bxb3 29. Rxb3 dxc4 30. Rc3 e5 31. b5 Rc5 32. Nd2 Rxb5 33. Nxc4 Rbc5 34. Rb3 b5 35. Na3 Rb8 36. Nxb5 f5 37. Kg2 Kf6 38. Rb1 g6 39. Na3 Rxb1 40. Nxb1 Rc2 41. Na3 Rc1 42. Nc4 e4 43. Be2 h5 44. h4 Rc2 45. Bf1 Kg7 46. Nd6 Rc6 47. Nb5 Kf6 48. Nd4 Rc1 49. f3 exf3+ 50. Nxf3 Ra1 51. Be2 Ra2 52. Kf2 Rb2 53. Nd4 Ke5 54. Kf3 Kf6 55. Bd3 Rd2 56. Bc2 Rh2 57. Bd3 Rh1 58. Bc2 Rc1 59. e4 fxe4+ 60. Bxe4 Ra1 61. Ne2 Ra3+ 62. Kf4 Ra4 63. Nc3 Rc4 64. Nd5+ Kg7 65. Ne7 Rc1 66. Nxg6 Kf6 67. Ne5 Rf1+ 68. Bf3 Ra1 69. Nd3 Ra4+ 70. Ke3 Kg6 71. Nf4+ Kf5 72. Bxh5 Ra3+ 73. Kf2 Ke4 74. Be2 Ra2 75. h5 Kf5 76. Ke3 Kg5 77. Bf3 Ra3+ 78. Ke4 Ra4+ 79. Ke5 Ra3 80. Be4 Rxg3 81. h6 Kxh6 82. Ne6 Ra3 83. Nd4 Kg5 84. Bd5 Re3+ 85. Be4 Kg4 86. Ne6 Re1 87. Nd4 Ra1 88. Ne6 Ra5+ 89. Bd5 Kg3 90. Nd4 Kf2 91. Nf5 Ke2 92. Nd4+ Kd2 93. Nb3+ Kc3 94. Nxa5 Kb4 95. Nb7 Kb5 96. Kd4 Kb6 97. Nd6 Kc7 98. Kc5 Kd7 99. Ne4 Ke7 100. Kc6 Ke8 101. Kc7 Ke7 102. Bc4 Kf8 103. Kd7 Kg7 104. Ke7 Kg6 105. Be6 Kh5 106. Kf6 Kh4 107. Kg6 1/2-1/2


[Site "https://www.chess.com"]

[Event "Titled Tuesday Blitz May 31 Early 2022"]
[White "Secer, Ata"]
[Black "Bluebaum, Matthias"]
[WhiteFideId "6303293"]
[BlackFideId "24651516"]
[WhiteElo "2282"]
[BlackElo "2556"]
[Result "0-1"]
[Round "02"]
[TimeControl "180+1"]
[Date "2022.05.31"]
[WhiteClock "0:00:13"]
[BlackClock "0:00:38"]

1. e4 c6 2. d4 d5 3. Nd2 dxe4 4. Nxe4 Nf6 5. Nxf6+ exf6 6. c3 Bd6 7. Bd3 O-O 8. Ne2 Re8 9. O-O Nd7 10. Bf4 Nf8 11. Bxd6 Qxd6 12. Qd2 Ne6 13. Rfe1 g6 14. Rad1 Bd7 15. Bc4 Re7 16. d5 cxd5 17. Qxd5 Qc7 18. Qd6 Rae8 19. Qxc7 Nxc7 20. Kf1 Ba4 21. b3 Bb5 22. Bxb5 Nxb5 23. c4 Nc7 24. Nc3 Rxe1+ 25. Rxe1 Rxe1+ 26. Kxe1 f5 27. Kd2 Kf8 28. Kd3 Ne6 29. g3 Ke7 30. b4 Kd7 31. c5 f4 32. Kc4 fxg3 33. hxg3 h5 34. Nd5 Ng5 35. Kd4 Ke6 36. Nc7+ Kd7 37. Nb5 a6 38. Nd6 Kc6 39. Ke5 b6 40. cxb6 Nf3+ 41. Kf4 Kxd6 42. Kxf3 Kc6 43. a4 Kxb6 44. Ke4 f6 45. Kd5 g5 46. Ke4 Kc6 47. Kf5 Kd5 48. f4 g4 49. Kxf6 h4 50. gxh4 g3 51. h5 g2 52. h6 g1=Q 53. h7 Qd4+ 54. Kf7 Qxf4+ 55. Kg8 Qg5+ 56. Kf7 Qf5+ 57. Kg8 Qg6+ 58. Kh8 Ke6 59. b5 Kf7 60. bxa6 Qg7# 0-1


[Site "https://www.chess.com"]

[Event "Titled Tuesday Blitz May 31 Early 2022"]
[White "Shailesh, Dravid"]
[Black "Xiong, Jeffery"]
[WhiteFideId "25017969"]
[BlackFideId "2047640"]
[WhiteElo "2205"]
[BlackElo "2727"]
[Result "0-1"]
[Round "02"]
[TimeControl "180+1"]
[Date "2022.05.31"]
[WhiteClock "0:00:04"]
[BlackClock "0:00:18"]

1. e4 c5 2. Nf3 d6 3. d4 cxd4 4. Nxd4 Nf6 5. Nc3 a6 6. Qf3 Nbd7 7. h3 h5 8. Be3 e6 9. g3 Qc7 10. O-O-O b5 11. a3 Bb7 12. Bg2 Rc8 13. Rhe1 Ne5 14. Qe2 Nc4 15. Bg5 Nxb2 16. Nd5 Nxd5 17. exd5 Nxd1 18. Nxe6 Qxc2+ 19. Qxc2 Rxc2+ 20. Kxc2 fxe6 21. Rxe6+ Kf7 22. Kxd1 Bc8 23. Re3 Bf5 24. Rc3 Be7 25. Rc7 Re8 26. Bf3 g6 27. Bf4 Kf6 28. g4 hxg4 29. hxg4 Bd3 30. Kd2 Bc4 31. Be4 g5 32. Be3 Ke5 33. f3 Bxd5 34. Bg6 Bd8 0-1


[Site "https://www.chess.com"]

[Event "Titled Tuesday Blitz May 31 Early 2022"]
[White "Sirosh, Ilja"]
[Black "Aravindh, Chithambaram VR."]
[WhiteFideId "4500458"]
[BlackFideId "5072786"]
[WhiteElo "2241"]
[BlackElo "2561"]
[Result "0-1"]
[Round "02"]
[TimeControl "180+1"]
[Date "2022.05.31"]
[WhiteClock "0:00:20"]
[BlackClock "0:00:03"]

1. e4 e6 2. d4 d5 3. Nc3 Nf6 4. e5 Nfd7 5. f4 c5 6. Nf3 a6 7. a3 b5 8. Be3 Nc6 9. dxc5 Bxc5 10. Bxc5 Nxc5 11. b4 Nd7 12. Qd2 Bb7 13. Bd3 O-O 14. O-O g6 15. Kh1 Rc8 16. Ne2 Nb6 17. Ned4 Nc4 18. Qf2 Ne7 19. g4 Nc6 20. Nxc6 Bxc6 21. Nd4 Bd7 22. Rae1 f6 23. exf6 Qxf6 24. g5 Qf7 25. Qg3 Nd6 26. h4 Rc3 27. h5 Ne4 28. Qg2 Qg7 29. Ne2 Rxa3 30. h6 Qe7 31. Bxe4 dxe4 32. Qxe4 Qd6 33. Qe5 Bc6+ 34. Kh2 Qxe5 35. fxe5 Rxf1 36. Rxf1 Re3 37. Nd4 Bd5 38. Ra1 Rxe5 39. Rxa6 Rxg5 40. Nxe6 Bxe6 41. Rxe6 Rh5+ 42. Kg3 Rxh6 43. Re5 Rh5 44. Rxh5 gxh5 45. c4 bxc4 46. Kf4 Kf7 47. b5 Ke6 0-1


[Site "https://www.chess.com"]

[Event "Titled Tuesday Blitz May 31 Early 2022"]
[White "Sjugirov, Sanan"]
[Black "Prokofiev, Valentyn"]
[WhiteFideId "4189302"]
[BlackFideId "14160161"]
[WhiteElo "2602"]
[BlackElo "2174"]
[Result "1-0"]
[Round "02"]
[TimeControl "180+1"]
[Date "2022.05.31"]
[WhiteClock "0:00:14"]
[BlackClock "0:00:03"]

1. e4 e5 2. Nf3 Nc6 3. Bb5 a6 4. Ba4 Nf6 5. O-O Nxe4 6. d4 Be7 7. Re1 b5 8. Bb3 d5 9. dxe5 Be6 10. Nbd2 Nc5 11. Nf1 O-O 12. Ng3 Qd7 13. Be3 Rad8 14. c3 Na5 15. Bc2 Nc4 16. Bc1 c6 17. b3 Nb6 18. Be3 Qc7 19. Ng5 g6 20. Nf3 Nbd7 21. h3 Rfe8 22. Bf4 Nf8 23. Nd4 Ncd7 24. Qd2 c5 25. Nf3 Nb8 26. Bg5 Nc6 27. Bxe7 Qxe7 28. Qh6 d4 29. cxd4 Nxd4 30. Nxd4 Rxd4 31. Ne4 Red8 32. Nf6+ Kh8 33. Re4 Rxe4 34. Bxe4 Bxb3 35. f4 Be6 36. h4 c4 37. h5 b4 38. Kh2 c3 39. Rh1 Bf5 40. Bxf5 gxf5 41. Qg5 Ne6 42. Qxf5 Nf8 43. Re1 a5 44. Re3 a4 45. Rg3 Ng6 46. hxg6 fxg6 47. Qe4 b3 48. axb3 axb3 49. Rxc3 b2 50. Rb3 Rd2 51. Rb8+ Kg7 52. Rb7 1-0


[Site "https://www.chess.com"]